 Dungeon Crawl Stone Soup version 0.18-a0-796-g4b90cf5 (webtiles) character file.

5406 Darkell the Slicer (level 10, 0/66 HPs)
             Began as a Kobold Berserker on Dec 14, 2015.
             Was a High Priest of Trog.
             Slain by an orc
             ... wielding a +0 quarterstaff
              (6 damage)
             ... on level 8 of the Dungeon.
             The game lasted 00:20:37 (6376 turns).

Darkell the Slicer (Kobold Berserker)               Turns: 6376, Time: 00:20:41

Health: 0/66       AC: 21    Str: 17    XL:     10   Next: 99%
Magic:  19/19      EV: 20    Int:  6    God:    Trog [*****.]
Gold:   242        SH:  0    Dex: 17    Spells: 0 memorised, 9 levels left

rFire  . . .     SeeInvis +     U - +2 short sword "Vimeus" {pierce, +Inv rN+}
rCold  . . .     Clarity  .     C - +10 ring mail of Mumblety Peg {*Confuse +Blink rElec rN+++}
rNeg   + + +     SustAt   .     (shield restricted)
rPois  .         Gourm    .     T - +1 hat {SInv}
rElec  +         Spirit   .     J - +0 cloak
rCorr  .         Dismiss  .     j - +0 pair of gloves
rMut   .         Stasis   .     L - +0 pair of boots
MR     .....                    u - amulet of regeneration
Stlth  +.........               G - ring of magical power
                                r - ring of invisibility

@: not resistant to hostile enchantments, very unstealthy
A: carnivore 3
a: Berserk, Trog's Hand, Brothers in Arms, Burn Spellbooks, Renounce Religion,
Evoke Blink, Evoke Invisibility


You were on level 8 of the Dungeon.
You worshipped Trog.
Trog was extremely pleased with you.
You were full.

You visited 1 branch of the dungeon, and saw 8 of its levels.

You collected 485 gold pieces.
You spent 243 gold pieces at shops.

Inventory:

Hand Weapons
 a - a +0 short sword
 x - a +1 rapier of protection
 U - the +2 short sword "Vimeus" (weapon) {pierce, +Inv rN+}
   (Trog gifted it to you on level 8 of the Dungeon)

   It inflicts extra damage upon your enemies.
   It protects you from negative energy.
   It lets you turn invisible.
Armour
 b - a +0 animal skin
 j - a +0 pair of gloves (worn)
 C - the +10 ring mail of Mumblety Peg (worn) {*Confuse +Blink rElec rN+++}
   (You bought it in a shop on level 5 of the Dungeon)

   It insulates you from electricity.
   It renders you almost immune to negative energy.
   It lets you blink.
   It may confuse you when you take damage.
 J - a +0 cloak (worn)
 L - a +0 pair of boots (worn)
 T - a +1 hat of see invisible (worn)
Jewellery
 r - a ring of invisibility (left hand)
 s - a +3 amulet of reflection
 u - an amulet of regeneration (around neck)
 B - an uncursed amulet of the gourmand {unknown}
 G - a ring of magical power (right hand)
Wands
 y - a wand of digging (4)
 D - a wand of flame (11)
 E - a wand of polymorph (8)
 P - a wand of confusion (31)
 Q - a wand of lightning (9)
Scrolls
 d - 2 scrolls of recharging {unknown}
 e - 11 scrolls of identify {unknown}
 f - 6 scrolls of remove curse {unknown}
 g - 3 scrolls of magic mapping {unknown}
 q - 4 scrolls of amnesia {unknown}
 t - 2 scrolls of teleportation {unknown}
 z - 2 scrolls of noise {unknown}
 A - a scroll of fog {unknown}
 K - 2 scrolls of random uselessness {unknown}
 O - a scroll of enchant weapon {unknown}
 R - a scroll of holy word {unknown}
 S - a scroll of blinking {unknown}
Potions
 h - a potion of agility {unknown}
 i - a potion of flight {unknown}
 l - a potion of lignification {unknown}
 m - 3 potions of curing {unknown}
 n - 2 potions of resistance {unknown}
 o - 2 potions of cancellation {unknown}
 p - 2 potions of ambrosia {unknown}
 v - a potion of poison {unknown}
 F - a potion of might {unknown}
 H - a potion of degeneration {unknown}
 I - a potion of berserk rage {unknown}
 M - 2 potions of magic {unknown}
 N - a potion of haste {unknown}
Comestibles
 c - 8 meat rations
 k - a royal jelly


   Skills:
 + Level 9.1 Fighting
 + Level 10.7 Short Blades
 + Level 6.8 Armour
 + Level 9.7 Dodging


You had 9 spell levels left.
You didn't know any spells.

Dungeon Overview and Level Annotations

Branches:
Dungeon (8/15)             Temple (0/1) D:5            Lair (0/8) D:8

Altars:
Ashenzari
Dithmenos
Fedhas
Gozag
Makhleb
Nemelex Xobeh
Okawaru
Pakellas
Qazlal
Trog
Vehumet
Yredelemnul

Shops:
D:5 [   D:6 !   D:8 %


Innate Abilities, Weirdness & Mutations

You are small and have problems with some larger weapons.
You are carnivorous and can eat meat at any time.


Message History

The orc priest mumbles some strange prayers to Beogh against you.
Pain shoots through your body!
* * * LOW HITPOINT WARNING * * *
You are too injured to fight recklessly!
You are too injured to fight recklessly!
You are too injured to fight recklessly!
Drink which item? (? for menu, Esc to quit)
You feel much better.
The orc priest invokes the aid of Beogh against you.
Something smites you!
The orc priest mumbles some strange prayers to Beogh against you.
Something smites you!
* * * LOW HITPOINT WARNING * * *
Your ogre goes berserk!
You feel somewhat less full.
The orc priest mumbles some strange prayers to Beogh against you.
Something smites you!
* * * LOW HITPOINT WARNING * * *
The orc hits you with a quarterstaff.
You die...

###.......#.#.......# # #
#.................###.#
###...............o.....###
#...........................
)....................o......
###..................#######
..............O.o....#
#............>..o....#
....##..#.......@....######
.##.##..#.................##
.##.##..#..................#
..................#..####.##
........#.........#.## #.#
#...##.##...........# #.#
#...##.##.###.##...######.#
##..##.##.# #...........#.#
+....#.##.# ####........#.#


You could see 2 orc priests, 2 orcs and a friendly ogre (berserk).

Vanquished Creatures
  Gastronok (D:8)
  2 two-headed ogres (D:8)
  Sigmund (D:4)
  A spriggan (D:7)
  A hungry ghost (D:8)
  Eustachio (D:4)
  A yak (D:8)
  The ghost of twist the Chopper, an amateur DsGl of Qazlal (D:3)
  2 ice beasts
  A necrophage (D:5)
  A centaur (D:6)
  2 sky beasts
  2 ogres
  Blork the orc (D:6)
  3 giant frogs
  A scorpion (D:4)
  An electric eel (D:7)
  4 wights (D:6)
  4 killer bees (D:7)
  5 hounds
  9 iguanas
  A jelly (D:6)
  A giant frog skeleton (D:5)
  7 orc wizards
  Natasha (twice) (D:4)
  Jessica (D:3)
  2 orc priests
  Terence (D:3)
  A centaur skeleton (D:5)
  7 worker ants
  5 adders
  4 gnolls (D:5)
  2 shadow imps
  3 oozes
  An adder skeleton (D:7)
  An adder zombie (D:7)
  2 worms
  9 giant geckos
  25 orcs
  5 giant cockroaches
  2 gnoll zombies (D:2)
  6 goblins
  6 hobgoblins
  10 kobolds
  5 quokkas
  2 ball pythons
  9 bats
  A giant gecko skeleton (D:5)
  3 giant newts
  A quokka skeleton (D:4)
  9 rats
179 creatures vanquished.

Vanquished Creatures (others)
  An orc wizard (D:7)
1 creature vanquished.

Grand Total: 180 creatures vanquished

Notes
Turn   | Place    | Note
--------------------------------------------------------------
     0 | D:1      | Darkell the Kobold Berserker began the quest for the Orb.
     0 | D:1      | Reached XP level 1. HP: 14/14 MP: 1/1
   294 | D:1      | Reached XP level 2. HP: 8/19 MP: 2/2
   740 | D:1      | Reached XP level 3. HP: 14/23 MP: 3/3
  1054 | D:2      | Reached ** piety under Trog
  1160 | D:2      | Reached XP level 4. HP: 20/29 MP: 4/4
  1572 | D:2      | Found a burning altar of Makhleb.
  1863 | D:2      | Found a basalt altar of Yredelemnul.
  1924 | D:3      | Noticed twist's ghost (amateur DsGl)
  1944 | D:3      | Killed twist's ghost
  1944 | D:3      | Reached skill level 5 in Short Blades
  1944 | D:3      | Reached XP level 5. HP: 33/33 MP: 5/5
  1944 | D:3      | Reached XP level 6. HP: 38/38 MP: 6/6
  2104 | D:3      | Noticed Jessica
  2109 | D:3      | Killed Jessica
  2160 | D:3      | Found a sparkling altar of Nemelex Xobeh.
  2348 | D:3      | Noticed Terence
  2374 | D:3      | Killed Terence
  2419 | D:3      | Found an opulent altar of Gozag.
  2614 | D:4      | Found a bloodstained altar of Trog.
  2689 | D:4      | Reached *** piety under Trog
  2721 | D:4      | Noticed Eustachio
  2743 | D:4      | Killed Eustachio
  2743 | D:4      | Reached skill level 6 in Short Blades
  2743 | D:4      | Reached skill level 5 in Dodging
  2743 | D:4      | Reached XP level 7. HP: 40/44 MP: 7/7
  2794 | D:4      | Reached skill level 5 in Fighting
  2969 | D:4      | Noticed Sigmund
  2971 | D:4      | Noticed Natasha
  2983 | D:4      | Killed Sigmund
  2983 | D:4      | Reached XP level 8. HP: 49/49 MP: 8/8
  3009 | D:4      | Killed Natasha
  3141 | D:5      | Entered Level 5 of the Dungeon
  3179 | D:5      | Found Tiyf's Antique Armour Shoppe.
  3194 | D:5      | HP: 3/72 [something (6)]
  3201 | D:4      | Noticed Natasha
  3218 | D:4      | Reached skill level 7 in Short Blades
  3223 | D:4      | Killed Natasha
  3380 | D:5      | Bought a crude ring mail for 243 gold pieces
  3390 | D:5      | Identified the +10 ring mail of Mumblety Peg {*Confuse +Blink rElec rN+++} (You bought it in a shop on level 5 of the Dungeon)
  3462 | D:5      | Found a radiant altar of Vehumet.
  3468 | D:5      | Found an oddly glowing altar of Pakellas.
  3758 | D:5      | Found a staircase to the Ecumenical Temple.
  3810 | D:5      | Found a shadowy altar of Dithmenos.
  4081 | D:6      | Reached XP level 9. HP: 56/56 MP: 9/9
  4117 | D:6      | Reached **** piety under Trog
  4117 | D:6      | Reached skill level 8 in Short Blades
  4328 | D:6      | Found Rosoxe's Distillery.
  4418 | D:6      | Reached skill level 5 in Armour
  4506 | D:6      | Found a shattered altar of Ashenzari.
  4664 | D:6      | Noticed Blork the orc
  4681 | D:6      | Killed Blork the orc
  4917 | D:7      | Reached skill level 9 in Short Blades
  5157 | D:7      | Found a blossoming altar of Fedhas.
  5163 | D:7      | Found a stormy altar of Qazlal.
  5440 | D:7      | Reached XP level 10. HP: 55/64 MP: 10/10
  5461 | D:7      | Reached ***** piety under Trog
  5469 | D:8      | Found Cossos Evve's Food Shoppe.
  5537 | D:8      | Found an iron altar of Okawaru.
  5593 | D:8      | Noticed Gastronok
  5633 | D:8      | Killed Gastronok
  5633 | D:8      | Reached skill level 10 in Short Blades
  5821 | D:8      | Received a gift from Trog
  5838 | D:8      | Got a translucent short sword {god gift}
  5839 | D:8      | Identified the +2 short sword "Vimeus" {pierce, +Inv rN+} (Trog gifted it to you on level 8 of the Dungeon)
  5875 | D:8      | Found a staircase to the Lair.
  6312 | D:8      | Found an iron altar of Okawaru.
  6376 | D:8      | Slain by an orc

Vault maps used:
D:1:      minmay_arrival_widening_spiral_wide, roderic_lattice_a,
          serial_bayou_crossing
D:2:      bloody_makhleb, lemuel_zombie_altar_yredelemnul
D:3:      lemuel_coloured_pillars_altar, lemuel_crystal_altar, first_bread,
          hangedman_decor_riveting, uniq_terence, uniq_jessica
D:4:      lemuel_crystal_altar, uniq_sigmund, uniq_natasha, uniq_eustachio
D:5:      lemuel_crystal_altar, vehumet_altar_wand_db, grunt_dithmenos_smoke,
          minmay_temple_entry_enclosed_plants, serial_shops, shop_statue
D:6:      overflow_temple_1_default, serial_shops, shop, uniq_blork_the_orc
D:7:      grunt_temple_overflow_forces_of_nature, the_bakery,
          serial_bayou_pond_b
D:8:      marbit_many_paths, dpeg_lair_monsters, serial_shops, shop,
          basic_altar, uniq_gastronok

Action                   |  1- 3 |  4- 6 |  7- 9 | 10-12 || total
-------------------------+-------+-------+-------+-------++-------
Melee: Short sword       |   119 |   130 |       |    41 ||   290
       Rapier            |       |    71 |   576 |   161 ||   808
Invok: Berserk           |     4 |     1 |     5 |     3 ||    13
       Trog's Hand       |       |       |     1 |       ||     1
       Brothers in Arms  |       |       |       |     1 ||     1
  Use: Potion            |       |       |     1 |     1 ||     2
 Stab: Sleeping          |       |     1 |     1 |       ||     2
       Distracted        |       |       |     1 |       ||     1
  Eat: Chunk             |    13 |     5 |    14 |     9 ||    41
